[Event "Titled Tuesday Blitz May 2 Early 2023"]
[White "Rakotomaharo, Fy Antenaina"]
[Black "Henriquez Villagra, Cristobal"]
[WhiteFideId "13100050"]
[BlackFideId "3409350"]
[WhiteElo "2427"]
[BlackElo "2542"]
[Result "0-1"]
[Round "08"]
[TimeControl "180+2"]
[Date "2023.05.02"]
[WhiteClock "0:00:04"]
[BlackClock "0:00:17"]

1. d4 d5 2. Nf3 e6 3. e3 c6 4. c4 Nd7 5. Bd3 f5 6. cxd5 cxd5 7. Nc3 Ngf6 8. O-O Bd6 9. Bd2 a6 10. Rc1 O-O 11. a3 Ne4 12. Ne2 Nxd2 13. Qxd2 b6 14. Nf4 Qe7 15. Be2 Bb7 16. h4 Rfc8 17. Rxc8+ Rxc8 18. Rc1 Rxc1+ 19. Qxc1 b5 20. b4 h6 21. Nd3 Nb6 22. Nc5 Bc8 23. h5 Nc4 24. Bxc4 dxc4 25. Ne5 Bb7 26. Ng6 Qf7 27. Ne5 Bxe5 28. dxe5 Bd5 29. Qd1 a5 30. Qd2 axb4 31. Qxb4 Qxh5 32. Qxb5 Qg6 33. e4 fxe4 34. Qb8+ Kh7 35. Qb1 h5 0-1


[Site "https://www.chess.com"]

[Event "Titled Tuesday Blitz May 2 Early 2023"]
[White "Firouzja, Alireza"]
[Black "Ibarra Jerez, Jose Carlos"]
[WhiteFideId "12573981"]
[BlackFideId "2226332"]
[WhiteElo "2904"]
[BlackElo "2638"]
[Result "1-0"]
[Round "08"]
[TimeControl "180+2"]
[Date "2023.05.02"]
[WhiteClock "0:02:02"]
[BlackClock "0:00:09"]

1. d4 Nf6 2. Bg5 d5 3. e3 c5 4. Bxf6 gxf6 5. dxc5 e6 6. c4 dxc4 7. Nd2 c3 8. bxc3 Bxc5 9. Ngf3 Nc6 10. Be2 f5 11. O-O O-O 12. Qc2 Qf6 13. Nb3 Bb6 14. Rad1 e5 15. c4 e4 16. Nfd4 Qh6 17. Nb5 Be6 18. c5 Bd8 19. N3d4 Bf6 20. Nxe6 fxe6 21. g3 Ne5 22. Nd4 Be7 23. Qb3 Kh8 24. Nxe6 Rf6 25. Qxb7 Re8 26. Nf4 Bxc5 27. Rd5 Bb6 28. Rxe5 Rxe5 29. Qb8+ 1-0


[Site "https://www.chess.com"]

[Event "Titled Tuesday Blitz May 2 Early 2023"]
[White "Kramnik, Vladimir"]
[Black "Caruana, Fabiano"]
[WhiteFideId "4101588"]
[BlackFideId "2020009"]
[WhiteElo "2712"]
[BlackElo "2837"]
[Result "0-1"]
[Round "08"]
[TimeControl "180+2"]
[Date "2023.05.02"]
[WhiteClock "0:00:01"]
[BlackClock "0:00:26"]

1. Nf3 Nf6 2. g3 g5 3. d4 h6 4. Bg2 Bg7 5. c4 d6 6. Nc3 O-O 7. O-O Bf5 8. h4 g4 9. Nd2 Nc6 10. Nb3 Rb8 11. Be3 a6 12. Rc1 e5 13. Qd2 Kh7 14. Rfd1 Re8 15. c5 dxc5 16. dxe5 Qxd2 17. Bxd2 Nxe5 18. Nxc5 Nc4 19. b3 Nxd2 20. Rxd2 c6 21. e3 a5 22. Rcd1 Bf8 23. Nd3 Rbd8 24. Nf4 Rxd2 25. Rxd2 Bb4 26. Nfe2 Kg7 27. Rd4 Re7 28. Rf4 Bd3 29. Rd4 Rd7 30. Rxd7 Nxd7 31. Nf4 Ne5 32. Nxd3 Nxd3 33. Bf1 Nc1 34. Ne2 Nxa2 35. Kg2 Bd2 36. f3 h5 37. Kf2 Nb4 38. Nf4 Kh6 39. Be2 Nc2 40. Ng2 gxf3 41. Bxf3 Bc3 42. Be2 Be5 43. Bd1 Nb4 44. Kf3 Nd5 0-1


[Site "https://www.chess.com"]

[Event "Titled Tuesday Blitz May 2 Early 2023"]
[White "Lenderman, Aleksandr"]
[Black "Yu, Yangyi"]
[WhiteFideId "2021285"]
[BlackFideId "8603820"]
[WhiteElo "2607"]
[BlackElo "2783"]
[Result "0-1"]
[Round "08"]
[TimeControl "180+2"]
[Date "2023.05.02"]
[WhiteClock "0:00:24"]
[BlackClock "0:00:18"]

1. d4 d5 2. c4 dxc4 3. Nf3 Nf6 4. e3 Bg4 5. Bxc4 e6 6. O-O a6 7. Nc3 Nbd7 8. Be2 Be7 9. Ne5 Bxe2 10. Qxe2 c5 11. Rd1 cxd4 12. exd4 O-O 13. d5 Nxe5 14. Qxe5 Bd6 15. Qd4 Qc7 16. Qh4 Nxd5 17. Nxd5 exd5 18. Rxd5 Rad8 19. Rd2 Rfe8 20. g3 Re1+ 21. Kg2 Qc6+ 22. Kh3 Rde8 23. Qg4 R8e4 24. Qf5 Re5 25. Qc2 Rh5+ 26. Kg4 f5+ 27. Kxh5 Qf3+ 28. Kg5 Qg4# 0-1


[Site "https://www.chess.com"]

[Event "Titled Tuesday Blitz May 2 Early 2023"]
[White "Andreikin, Dmitry"]
[Black "Suleymanli, Aydin"]
[WhiteFideId "4158814"]
[BlackFideId "13413937"]
[WhiteElo "2736"]
[BlackElo "2559"]
[Result "1-0"]
[Round "08"]
[TimeControl "180+2"]
[Date "2023.05.02"]
[WhiteClock "0:00:10"]
[BlackClock "0:00:02"]

1. Nf3 d5 2. e3 Nf6 3. c4 g6 4. cxd5 Nxd5 5. d4 Bg7 6. e4 Nb6 7. h3 O-O 8. Nc3 c5 9. d5 Bxc3+ 10. bxc3 e6 11. Bg5 f6 12. Be3 exd5 13. exd5 Qxd5 14. Qxd5+ Nxd5 15. Bc4 Be6 16. O-O-O Nc7 17. Bxe6+ Nxe6 18. Rd6 Re8 19. Rhd1 Nc6 20. Rd7 b6 21. Nd2 Nf8 22. Rd6 Na5 23. Rxf6 Rad8 24. Bh6 Nd7 25. Rf4 Ne5 26. Ne4 Nd3+ 27. Rxd3 Rxd3 28. Nf6+ Kf7 29. Nxh7+ Ke7 30. Re4+ Kd8 31. Bg5+ Kd7 32. Nf6+ Kc6 33. Rxe8 Rxc3+ 34. Kb1 Nc4 35. Re2 b5 36. Ne4 Rd3 37. Kc2 Rd4 38. Nd2 Na3+ 39. Kb2 b4 40. Nb3 Rd3 41. Re3 Rd5 42. Re4 Rxg5 43. g4 Kb5 44. f4 Rd5 45. Re6 c4 46. Re5 Rxe5 47. fxe5 cxb3 48. axb3 Kc6 49. h4 Nb5 50. h5 gxh5 51. gxh5 1-0


[Site "https://www.chess.com"]

[Event "Titled Tuesday Blitz May 2 Early 2023"]
[White "Vidit, Santosh Gujrathi"]
[Black "Madaminov, Mukhiddin"]
[WhiteFideId "5029465"]
[BlackFideId "14210703"]
[WhiteElo "2651"]
[BlackElo "2511"]
[Result "1-0"]
[Round "08"]
[TimeControl "180+2"]
[Date "2023.05.02"]
[WhiteClock "0:00:10"]
[BlackClock "0:00:02"]

1. e4 e5 2. Nf3 Nf6 3. d4 Nxe4 4. dxe5 d5 5. Nbd2 Qd7 6. Bd3 Nc5 7. Be2 Be7 8. O-O O-O 9. Re1 Ne6 10. Bd3 c5 11. Bf5 Rd8 12. Nf1 Qc7 13. Ng3 Nc6 14. c3 d4 15. Qc2 g6 16. Bxe6 Bxe6 17. Bf4 c4 18. Ne4 Bf5 19. Qc1 Qb6 20. Nf6+ Bxf6 21. exf6 Qc5 22. Bg3 d3 23. Qf4 Re8 24. h3 h5 25. Qg5 b6 26. Re7 Rxe7 27. Qh6 Re1+ 28. Rxe1 Qf8 29. Qf4 Re8 30. Rxe8 Qxe8 31. Qxc4 Be4 32. Nd2 Bf5 33. Qf4 Qe6 34. Qg5 Ne5 35. b3 Nd7 36. Bh4 Qe1+ 37. Kh2 Nxf6 38. Nf3 Qxf2 39. Bxf2 Ne4 40. Qd8+ 1-0


[Site "https://www.chess.com"]

[Event "Titled Tuesday Blitz May 2 Early 2023"]
[White "Nguyen, Ngoc Truong Son"]
[Black "Bacrot, Etienne"]
[WhiteFideId "12401110"]
[BlackFideId "605506"]
[WhiteElo "2556"]
[BlackElo "2663"]
[Result "1-0"]
[Round "08"]
[TimeControl "180+2"]
[Date "2023.05.02"]
[WhiteClock "0:00:12"]
[BlackClock "0:00:01"]

1. b3 e5 2. Bb2 Nc6 3. e3 Nf6 4. Bb5 Bd6 5. Nf3 e4 6. Nd4 Nxd4 7. Bxd4 Qe7 8. f3 Be5 9. Bxe5 Qxe5 10. Nc3 c6 11. Be2 d5 12. O-O O-O 13. Qe1 Bf5 14. Qg3 Qe6 15. fxe4 Bxe4 16. Rac1 Rae8 17. Rf4 Bg6 18. Bf3 Rd8 19. Ne2 Rfe8 20. h4 Qe5 21. c3 c5 22. Qf2 Bd3 23. Ng3 h6 24. b4 b6 25. a4 c4 26. Rd4 Qe6 27. Ne2 Ne4 28. Bxe4 Bxe4 29. Nf4 Qe5 30. Rf1 Rd6 31. Qg3 Rf6 32. Rf2 Kf8 33. Ne2 Qxg3 34. Nxg3 Rxf2 35. Kxf2 Re5 36. Nxe4 Rxe4 37. Rxd5 Rxh4 38. Rd7 a5 39. Rb7 axb4 40. cxb4 Rh5 41. Rxb6 1-0


[Site "https://www.chess.com"]

[Event "Titled Tuesday Blitz May 2 Early 2023"]
[White "Sieciechowicz, Marcin"]
[Black "Shimanov, Aleksandr"]
[WhiteFideId "1130170"]
[BlackFideId "4198603"]
[WhiteElo "2302"]
[BlackElo "2631"]
[Result "0-1"]
[Round "08"]
[TimeControl "180+2"]
[Date "2023.05.02"]
[WhiteClock "0:00:01"]
[BlackClock "0:00:12"]

1. d4 Nf6 2. Bf4 d5 3. e3 c5 4. c3 Nc6 5. Nd2 cxd4 6. cxd4 Bg4 7. Qb3 Na5 8. Bb5+ Bd7 9. Qa4 Nc6 10. Ngf3 a6 11. Bxc6 Bxc6 12. Qb3 Nd7 13. O-O e6 14. Ne5 Nxe5 15. Bxe5 f6 16. Bg3 Be7 17. Rac1 O-O 18. Rc3 Qd7 19. Rfc1 Rfc8 20. Qd1 Bb4 21. R3c2 b6 22. h3 Be7 23. Rc3 Bd8 24. Qg4 Bb7 25. h4 Rxc3 26. Rxc3 Rc8 27. Rxc8 Bxc8 28. h5 h6 29. Bf4 Kf8 30. Nf3 Qc6 31. Kh2 Qc2 32. Bd6+ Kf7 33. Qf4 Kg8 34. Ba3 Qc6 35. Bd6 Qc2 36. Ba3 Qc6 37. Bd6 Bd7 38. Nh4 Be8 39. g4 Bf7 40. Kg2 Qc2 41. Ba3 Bc7 42. Qf3 a5 43. Qh3 Qe4+ 44. Qf3 Qc2 45. Qh3 b5 46. Bc5 Qxb2 47. Ng6 Qc2 48. Nf4 Qe4+ 49. Qf3 Qxf3+ 50. Kxf3 e5 51. Ne2 e4+ 52. Kg2 Be6 53. f3 b4 54. Nc1 exf3+ 55. Kxf3 f5 56. gxf5 Bxf5 0-1


[Site "https://www.chess.com"]

[Event "Titled Tuesday Blitz May 2 Early 2023"]
[White "Terry, Renato"]
[Black "Hua, Lefong"]
[WhiteFideId "3803457"]
[BlackFideId "2602253"]
[WhiteElo "2575"]
[BlackElo "2305"]
[Result "1-0"]
[Round "08"]
[TimeControl "180+2"]
[Date "2023.05.02"]
[WhiteClock "0:00:37"]
[BlackClock "0:00:11"]

1. d4 Nf6 2. Nf3 g6 3. Bg5 Bg7 4. c3 O-O 5. Nbd2 d6 6. e4 c5 7. dxc5 dxc5 8. Bc4 h6 9. Be3 Qc7 10. h3 Nc6 11. O-O b6 12. Re1 Na5 13. Bd3 Rd8 14. Qe2 Be6 15. e5 Nd5 16. Bc2 Nxe3 17. Qxe3 Nc6 18. Nf1 Rd7 19. N1h2 Rad8 20. Ng4 Bxg4 21. hxg4 e6 22. Qe4 Ne7 23. Ba4 Rd5 24. Bb3 Rd3 25. Bc4 R3d7 26. a4 Nd5 27. Bb5 Re7 28. Rad1 Qb8 29. Bc6 Nc7 30. Qe2 Nd5 31. Qe4 Nc7 32. g3 a6 33. b3 b5 34. a5 b4 35. c4 Ne8 36. Kg2 Kf8 37. Ba4 Qc7 38. Rd3 Rxd3 39. Qxd3 Qxa5 40. Rd1 Qc7 41. Qe4 Qb8 42. Qc6 Rc7 43. Qxa6 Qc8 44. Qa5 Rb7 45. Rd8 1-0


[Site "https://www.chess.com"]

[Event "Titled Tuesday Blitz May 2 Early 2023"]
[White "Lamaze, Simon"]
[Black "Martinez Alcantara, Jose Eduardo"]
[WhiteFideId "36069264"]
[BlackFideId "3805662"]
[WhiteElo "2272"]
[BlackElo "2711"]
[Result "0-1"]
[Round "08"]
[TimeControl "180+2"]
[Date "2023.05.02"]
[WhiteClock "0:00:15"]
[BlackClock "0:00:29"]

1. e4 c5 2. Nf3 d6 3. d4 cxd4 4. Nxd4 a6 5. Nc3 e6 6. Bd2 b5 7. g4 Bb7 8. Bg2 h6 9. a3 Nf6 10. h4 d5 11. e5 Ne4 12. Nxe4 dxe4 13. Be3 Nd7 14. f4 exf3 15. Bxf3 Qc7 16. Bxb7 Qxb7 17. Qf3 Qxf3 18. Nxf3 Bc5 19. Bf4 Nb6 20. Ke2 Rc8 21. Rhd1 O-O 22. h5 Nd5 23. Bd2 Bb6 24. g5 hxg5 25. Nxg5 Rxc2 26. Ne4 Rxb2 27. h6 f5 28. exf6 gxf6 29. Rac1 Be3 30. Rc6 a5 31. Kd3 f5 32. Nc5 Bxc5 33. Rxc5 Rd8 34. Rg1+ Kh8 35. Kd4 Rxd2+ 36. Ke5 Re2+ 0-1


[Site "https://www.chess.com"]

[Event "Titled Tuesday Blitz May 2 Early 2023"]
[White "Weetik, Vjacheslav"]
[Black "Matlakov, Maxim"]
[WhiteFideId "4153472"]
[BlackFideId "4168003"]
[WhiteElo "2469"]
[BlackElo "2666"]
[Result "0-1"]
[Round "08"]
[TimeControl "180+2"]
[Date "2023.05.02"]
[WhiteClock "0:00:02"]
[BlackClock "0:00:06"]

1. d4 Nf6 2. Bf4 d5 3. e3 c5 4. c3 Nc6 5. Nd2 Bf5 6. Ngf3 e6 7. Bb5 Nd7 8. O-O Be7 9. Bg3 O-O 10. Re1 Qb6 11. c4 a6 12. Bxc6 bxc6 13. b3 a5 14. e4 dxe4 15. Nxe4 Rfd8 16. Bd6 Bxd6 17. Nxd6 Bg6 18. Re2 cxd4 19. Rd2 c5 20. Nb5 e5 21. Nh4 e4 22. Qg4 Ne5 23. Qg3 Re8 24. a4 Rad8 25. Re1 h6 26. h3 Bh7 27. Kh1 Nd3 28. Red1 Qf6 29. Nc7 Re5 30. Nd5 Qg5 31. Kh2 Qxg3+ 32. fxg3 Nb4 33. g4 Nxd5 34. cxd5 Rexd5 35. Re1 e3 36. Rb2 Be4 0-1


[Site "https://www.chess.com"]

[Event "Titled Tuesday Blitz May 2 Early 2023"]
[White "Daneshvar, Bardiya"]
[Black "Cherniaiev, Tykhon"]
[WhiteFideId "12576468"]
[BlackFideId "14182360"]
[WhiteElo "2468"]
[BlackElo "2450"]
[Result "0-1"]
[Round "08"]
[TimeControl "180+2"]
[Date "2023.05.02"]
[WhiteClock "0:01:36"]
[BlackClock "0:00:31"]

1. e3 e5 2. d4 exd4 3. exd4 d5 4. g3 Bd6 5. Bg2 Nf6 6. Nf3 O-O 7. O-O h6 8. c3 c6 9. Re1 Bf5 10. Nbd2 Nbd7 11. Nf1 Re8 12. Bd2 Rxe1 13. Bxe1 Qb6 14. b3 Re8 15. a4 a5 16. Ne3 Be4 17. Nh4 Bxg2 18. Kxg2 Bf8 19. Qd3 Qxb3 20. Rb1 Qxa4 21. Rxb7 c5 22. Nf3 Qc6 23. Qb1 a4 24. Ra7 Ra8 25. Rxa8 Qxa8 26. Qa2 a3 27. Nc2 c4 28. Bd2 Ne4 29. Ne3 Qa4 30. Nxd5 Qb3 31. Qa1 a2 32. Bc1 Qb1 33. Bb2 Ba3 0-1


[Site "https://www.chess.com"]

[Event "Titled Tuesday Blitz May 2 Early 2023"]
[White "Grigoriants, Sergey"]
[Black "Fernandez Guillen, Ernesto J."]
[WhiteFideId "4130804"]
[BlackFideId "3512428"]
[WhiteElo "2502"]
[BlackElo "2423"]
[Result "1-0"]
[Round "08"]
[TimeControl "180+2"]
[Date "2023.05.02"]
[WhiteClock "0:00:05"]
[BlackClock "0:00:06"]

1. d4 Nf6 2. c4 e6 3. Nc3 Bb4 4. e3 b6 5. Ne2 Bb7 6. a3 Be7 7. d5 O-O 8. e4 d6 9. Ng3 c6 10. dxe6 fxe6 11. Be2 c5 12. Be3 Nc6 13. O-O Qe8 14. Bg4 Nxg4 15. Qxg4 Qg6 16. Qxg6 hxg6 17. Rad1 Rad8 18. f3 a6 19. Nge2 Bf6 20. b3 Rfe8 21. Rd3 Na5 22. Rb1 d5 23. cxd5 exd5 24. Nxd5 Bxd5 25. exd5 c4 26. bxc4 Nxc4 27. Kf2 b5 28. Bc5 Rc8 29. Bd4 Be7 30. Nf4 Bxa3 31. Ra1 Bd6 32. Ne6 a5 33. f4 a4 34. Bxg7 Ra8 35. Bd4 b4 36. Rh3 Bf8 37. Re1 g5 38. f5 Rxe6 39. Rh8+ Kf7 40. dxe6+ Ke7 41. f6+ Kd6 42. e7 Kd5 43. Rxf8 1-0


[Site "https://www.chess.com"]

[Event "Titled Tuesday Blitz May 2 Early 2023"]
[White "Karthik Rajaa"]
[Black "Zhigalko, Sergei"]
[WhiteFideId "25035215"]
[BlackFideId "13502956"]
[WhiteElo "2215"]
[BlackElo "2626"]
[Result "1/2-1/2"]
[Round "08"]
[TimeControl "180+2"]
[Date "2023.05.02"]
[WhiteClock "0:00:09"]
[BlackClock "0:00:03"]

1. Nf3 d5 2. c4 d4 3. b4 Bg4 4. g3 Bxf3 5. exf3 e5 6. Bg2 Nd7 7. b5 Nc5 8. d3 Bd6 9. O-O Ne7 10. Ba3 O-O 11. Qc2 c6 12. Nd2 Rc8 13. bxc6 Nxc6 14. Nb3 Na4 15. Bxd6 Qxd6 16. Nxd4 Qxd4 17. Qxa4 Qxd3 18. Rfd1 Qf5 19. Rd5 Nd4 20. f4 Ne2+ 21. Kh1 Nc3 22. Qd7 Qxd7 23. Rxd7 exf4 24. Rxb7 a5 25. Ra7 a4 26. Bd5 f3 27. Bxf3 Rxc4 28. a3 g6 29. Kg2 Rfc8 30. Re1 R8c7 31. Rxc7 Rxc7 32. Rc1 Kf8 33. Bd1 Ke7 34. Bxa4 Kd6 35. Bb3 f5 36. Bg8 Ke7 37. h4 Kf6 38. a4 h6 39. a5 Ke5 40. a6 Kd4 41. Ra1 Ra7 42. Bh7 g5 43. hxg5 hxg5 44. Bxf5 Nd5 45. Bc8 Nb4 46. Bb7 Ke5 47. Ra5+ Kf6 48. Ra4 Nd3 49. Rc4 Ke5 50. Rc8 Nb4 51. Ra8 Rxa8 52. Bxa8 Nxa6 53. Bc6 Nc5 54. Kf3 Kf6 55. Bd5 Nd3 56. Ke3 Ne5 57. f4 gxf4+ 58. gxf4 Ng6 59. Ke4 Nxf4 1/2-1/2


[Site "https://www.chess.com"]

[Event "Titled Tuesday Blitz May 2 Early 2023"]
[White "Bachmann, Axel"]
[Black "Gritsenko, Nikolai"]
[WhiteFideId "3700488"]
[BlackFideId "14112493"]
[WhiteElo "2605"]
[BlackElo "2389"]
[Result "1-0"]
[Round "08"]
[TimeControl "180+2"]
[Date "2023.05.02"]
[WhiteClock "0:00:31"]
[BlackClock "0:00:01"]

1. e4 d5 2. exd5 Nf6 3. Bb5+ Bd7 4. Bc4 Bg4 5. f3 Bc8 6. Nc3 Nbd7 7. Bb3 Nb6 8. d4 Nbxd5 9. Nxd5 Nxd5 10. Ne2 e6 11. O-O Be7 12. c4 Nf6 13. Bf4 c5 14. Be3 b6 15. dxc5 Bxc5 16. Ba4+ Ke7 17. Bxc5+ bxc5 18. Qe1 Qc7 19. Rd1 Ba6 20. Nc3 Bxc4 21. Qh4 Bxf1 22. Rd7+ Qxd7 23. Bxd7 Ba6 24. Bc6 Rab8 25. Qg5 Kd6 26. Qxg7 Kxc6 27. Qxf6 Rhf8 28. Ne4 Bd3 29. Ng5 Bg6 30. h4 Rfd8 31. Nxf7 Rd1+ 32. Kh2 Bxf7 33. Qxf7 Re1 34. Qxa7 Rxb2 35. Qa4+ Kb6 36. Kh3 Ree2 37. g4 e5 38. g5 Rxa2 39. Qb3+ Kc6 40. Qg8 Kb5 41. Qxh7 c4 42. Qb7+ Ka4 43. Qc6+ Kb3 44. Qb5+ Kc3 45. g6 Kd3 46. Qd5+ Kc3 47. Kg4 1-0


[Site "https://www.chess.com"]

[Event "Titled Tuesday Blitz May 2 Early 2023"]
[White "Averjanov, Alexey"]
[Black "Rustemov, Alexander"]
[WhiteFideId "14109867"]
[BlackFideId "4119002"]
[WhiteElo "2399"]
[BlackElo "2525"]
[Result "1/2-1/2"]
[Round "08"]
[TimeControl "180+2"]
[Date "2023.05.02"]
[WhiteClock "0:00:54"]
[BlackClock "0:00:20"]

1. d4 d5 2. c4 e6 3. Nf3 Nf6 4. e3 Bd6 5. Nbd2 O-O 6. Bd3 b6 7. O-O Bb7 8. Qe2 Nbd7 9. e4 dxe4 10. Nxe4 Nxe4 11. Bxe4 Bxe4 12. Qxe4 Nf6 13. Qe2 c6 14. b3 Qc7 15. Bb2 Rfe8 16. Rad1 Rad8 17. Rd3 Nd7 18. Ne5 Nxe5 19. dxe5 Be7 20. Rfd1 Rxd3 21. Rxd3 Rd8 22. Qd1 Rxd3 23. Qxd3 Qd8 24. Qxd8+ Bxd8 25. f4 Kf8 26. Kf2 Ke8 27. Kf3 h5 28. Ke4 g6 29. a4 Kd7 30. Bd4 a6 31. g3 b5 32. h3 Ba5 33. g4 hxg4 34. hxg4 Bd2 35. f5 gxf5+ 36. gxf5 Kc7 37. Bc5 Kd7 38. Bd4 Bg5 39. Bc5 Bh4 40. Bd4 Bg3 41. Bc5 Be1 42. Bd4 Ke8 43. Bc5 Bg3 44. Bb4 Bf2 45. Bd6 Bb6 46. Bb4 Kd7 47. Bf8 Ba5 48. Bc5 Bc3 49. Bf8 Ke8 50. Bc5 Bb2 51. Bb4 Kd7 52. Bc5 Bc3 53. Ba3 Ba5 54. Bc5 Bc7 55. Bb4 Ke8 56. Bc5 Bd8 57. Bb4 Bb6 58. Bd6 Kd7 59. Bb4 Bc7 60. Bc5 Bd8 61. Bb4 Kc8 62. Bc5 Kb7 63. Bd4 Be7 64. Be3 bxa4 65. bxa4 Kc7 66. Bd4 Kd7 67. Bb6 Ke8 68. Be3 Kf8 69. Kf4 Kg8 70. Kg4 Kh7 71. Bf4 Bb4 72. Be3 Bc3 73. Bf4 Bd4 74. Bg3 Be3 75. Bh4 Kh6 76. Bd8 Bd4 77. Bf6 Bc3 78. Bh8 Bb4 79. Bf6 Kh7 80. Bg5 Bc3 81. Bf6 Kg8 82. Kf4 Kf8 83. Bd8 Bd2+ 84. Ke4 Kg7 85. fxe6 fxe6 86. Kd4 Bb4 87. Bc7 c5+ 88. Ke4 Kg6 89. Kf4 Kh5 90. Bd8 Bd2+ 91. Kf3 Bc3 92. Be7 Bd4 93. Kf4 Bg1 94. Bd6 Kh4 95. Be7+ Kh5 96. Bd6 Bf2 97. Be7 Kg6 98. Kg4 Be3 99. Bd6 Bd4 100. Bc7 Bc3 101. Bd6 Bd4 102. Bb8 Bc3 103. Bc7 Bd4 104. Bd6 Be3 105. Be7 Bd4 106. Bd6 Be3 107. Bb8 Bd4 108. Bc7 Be3 109. Bb6 Bd4 110. Bc7 1/2-1/2


[Site "https://www.chess.com"]

[Event "Titled Tuesday Blitz May 2 Early 2023"]
[White "Suyarov, Mukhammadzokhid"]
[Black "Bolourchifard, Farzad"]
[WhiteFideId "14210495"]
[BlackFideId "12510084"]
[WhiteElo "2361"]
[BlackElo "2317"]
[Result "1-0"]
[Round "08"]
[TimeControl "180+2"]
[Date "2023.05.02"]
[WhiteClock "0:00:00"]
[BlackClock "0:00:00"]

1. d4 Nf6 2. Nc3 d5 3. Bf4 a6 4. e3 c5 5. dxc5 e6 6. Na4 Bxc5 7. Nxc5 Qa5+ 8. c3 Qxc5 9. Nf3 O-O 10. Bd3 Nc6 11. Ne5 Nxe5 12. Bxe5 Nd7 13. Bg3 Re8 14. O-O e5 15. a4 Nf6 16. h3 Ne4 17. Bh2 Bf5 18. Re1 Bg6 19. a5 Rad8 20. Ra4 Qc7 21. Rb4 Rd7 22. Rb6 Nc5 23. Bxg6 hxg6 24. Qg4 Rd6 25. Rxd6 Qxd6 26. Rd1 Qc6 27. f3 e4 28. Rd4 Nd3 29. fxe4 dxe4 30. Qd7 Qxd7 31. Rxd7 Nxb2 32. Rxb7 Nc4 33. Ra7 Nxa5 34. Rxa6 Nc4 35. Bf4 f6 36. h4 Nb2 37. g3 Nd3 38. Ra4 Nc5 39. Rc4 Nd3 40. Kg2 Kf7 41. Rc7+ Re7 42. Rc8 Ra7 43. g4 Nxf4+ 44. exf4 g5 45. fxg5 fxg5 46. h5 Ra2+ 47. Kg3 Rd2 48. Rc5 Rd3+ 49. Kf2 Kf6 50. Rf5+ Ke6 51. Rxg5 Rxc3 52. Rxg7 Ke5 53. h6 Kf4 54. h7 Rh3 55. g5 e3+ 56. Kg2 e2 57. Kf2 Rh2+ 58. Ke1 Kf3 59. Rf7+ Ke3 60. Re7+ Kf3 61. g6 Rh1+ 62. Kd2 Rd1+ 63. Kc2 e1=Q 64. Rxe1 Rxe1 1-0


[Site "https://www.chess.com"]

[Event "Titled Tuesday Blitz May 2 Early 2023"]
[White "Maksimovic, Bojan"]
[Black "Perez Gormaz, Matias"]
[WhiteFideId "14408120"]
[BlackFideId "3406342"]
[WhiteElo "2468"]
[BlackElo "2362"]
[Result "1/2-1/2"]
[Round "08"]
[TimeControl "180+2"]
[Date "2023.05.02"]
[WhiteClock "0:00:07"]
[BlackClock "0:00:10"]

1. Nf3 d5 2. g3 Nd7 3. d4 Nb6 4. Bg2 Bf5 5. O-O e6 6. Nbd2 Nf6 7. b3 c6 8. c4 Be7 9. Bb2 h6 10. Re1 O-O 11. Ne5 Nbd7 12. e4 dxe4 13. Nxe4 Bxe4 14. Bxe4 Bb4 15. Re2 Nxe5 16. dxe5 Nxe4 17. Rxe4 Qa5 18. a3 Rfd8 19. Qe2 Bf8 20. b4 Qa4 21. Rd4 Rxd4 22. Bxd4 Rd8 23. Bb2 Qb3 24. h4 a5 25. bxa5 Bc5 26. Kg2 Qa4 27. Bc1 Qxa5 28. Bf4 Qa4 29. Rb1 b6 30. Qg4 Kh7 31. Qh5 Qxc4 32. Re1 Qc2 33. Re2 Qg6 34. Qf3 Rd5 35. a4 Qf5 36. h5 Qb1 37. Bd2 Qd3 38. Qg4 Qf5 39. Qc4 Qd3 40. Qg4 Qf5 41. Qxf5+ exf5 42. Bf4 Rd4 43. e6 fxe6 44. Rxe6 Rxa4 45. Rxc6 Ra2 46. Rc7 Rxf2+ 47. Kh1 Re2 48. Rf7 Re7 49. Rxf5 g6 50. hxg6+ Kxg6 51. Rd5 h5 52. Kg2 Re2+ 53. Kh3 Re1 54. Rg5+ Kf6 55. Rxh5 Rh1+ 56. Kg4 Rxh5 57. Kxh5 b5 58. g4 b4 59. g5+ Kf7 60. g6+ Kg8 61. Be5 Be3 62. Kg4 Bd2 63. Kf3 Bc3 64. Bxc3 bxc3 65. Ke2 Kg7 66. Kd1 Kxg6 67. Kc2 Kf5 68. Kxc3 1/2-1/2


[Site "https://www.chess.com"]

[Event "Titled Tuesday Blitz May 2 Early 2023"]
[White "Indjic, Aleksandar"]
[Black "Florescu, Codrut-Constantin"]
[WhiteFideId "911925"]
[BlackFideId "1202200"]
[WhiteElo "2614"]
[BlackElo "2191"]
[Result "1-0"]
[Round "08"]
[TimeControl "180+2"]
[Date "2023.05.02"]
[WhiteClock "0:02:20"]
[BlackClock "0:02:09"]

1. d4 Nf6 2. Nf3 e6 3. Bf4 d5 4. e3 c5 5. Nbd2 Nc6 6. c3 Be7 7. Bd3 Nh5 8. Be5 f6 9. Bg3 g6 10. Rc1 O-O 11. a3 c4 12. Bb1 Nxg3 13. hxg3 f5 14. Ne5 Nxe5 15. dxe5 Qc7 16. Nf3 b5 17. Qd4 Rf7 18. Qf4 a5 19. g4 b4 20. axb4 axb4 21. gxf5 exf5 22. e6 1-0


[Site "https://www.chess.com"]

[Event "Titled Tuesday Blitz May 2 Early 2023"]
[White "Korchmar, Vasiliy"]
[Black "Sethuraman, S.P."]
[WhiteFideId "24131750"]
[BlackFideId "5021596"]
[WhiteElo "2370"]
[BlackElo "2543"]
[Result "0-1"]
[Round "08"]
[TimeControl "180+2"]
[Date "2023.05.02"]
[WhiteClock "0:00:54"]
[BlackClock "0:01:21"]

1. e4 c5 2. Nf3 d6 3. d4 cxd4 4. Nxd4 Nf6 5. Nc3 a6 6. Be2 e5 7. Nb3 Be7 8. O-O O-O 9. Be3 Be6 10. Nd5 Bxd5 11. exd5 Nbd7 12. c4 a5 13. Qd3 Re8 14. Rac1 Bf8 15. Kh1 b6 16. f4 a4 17. Na1 h5 18. Nc2 Ng4 19. Bxg4 hxg4 20. Qf5 Nf6 21. Nb4 Qd7 22. Qc2 b5 23. Nc6 bxc4 24. Qxc4 exf4 25. Qxf4 Nxd5 26. Qg5 Nxe3 27. Rf4 Rac8 0-1


[Site "https://www.chess.com"]

[Event "Titled Tuesday Blitz May 2 Early 2023"]
[White "Golichenko, Ilija"]
[Black "Siva Mahadevan"]
[WhiteFideId "14117223"]
[BlackFideId "25043153"]
[WhiteElo "2339"]
[BlackElo "2249"]
[Result "1-0"]
[Round "08"]
[TimeControl "180+2"]
[Date "2023.05.02"]
[WhiteClock "0:01:12"]
[BlackClock "0:00:22"]

1. d4 Nf6 2. c4 g6 3. Nc3 Bg7 4. e4 O-O 5. Be2 d6 6. Bg5 Na6 7. Qd2 e5 8. d5 Nc5 9. f3 h6 10. Be3 a5 11. Bd1 b6 12. Bc2 Nh7 13. Nge2 h5 14. O-O-O a4 15. g3 Ba6 16. b3 axb3 17. axb3 Bf6 18. h4 Bc8 19. Kb2 Bd7 20. Ra1 Qe7 21. b4 Na6 22. Nb5 c5 23. dxc6 Bxc6 24. Nxd6 Rfd8 25. Rhd1 Qe6 26. Bxb6 Rdb8 27. c5 Be7 28. Bb3 Qf6 29. Nxf7 1-0


[Site "https://www.chess.com"]

[Event "Titled Tuesday Blitz May 2 Early 2023"]
[White "Soham Kamotra"]
[Black "Beerdsen, Thomas"]
[WhiteFideId "46647490"]
[BlackFideId "1030108"]
[WhiteElo "2209"]
[BlackElo "2547"]
[Result "1/2-1/2"]
[Round "08"]
[TimeControl "180+2"]
[Date "2023.05.02"]
[WhiteClock "0:00:04"]
[BlackClock "0:02:01"]

1. d4 Nf6 2. Nf3 a6 3. c4 b5 4. d5 bxc4 5. Nc3 e6 6. e4 Bb4 7. Bxc4 O-O 8. O-O Bxc3 9. bxc3 Nxe4 10. Qd4 f5 11. dxe6 dxe6 12. Ba3 Nc6 13. Qe3 Re8 14. Qf4 Na5 15. Rad1 Qf6 16. Qxc7 Nxc4 17. Qxc4 Qxc3 18. Qa4 Bb7 19. Rc1 Qf6 20. Rc7 Bd5 21. Rb1 Nc3 22. Qc2 Nxb1 23. Bb2 Be4 24. Qb3 Bd5 25. Bxf6 Bxb3 26. Rxg7+ Kf8 27. Ne5 Red8 28. Rf7+ Ke8 29. Re7+ Kf8 30. Rf7+ Ke8 31. Re7+ Kf8 32. Rf7+ 1/2-1/2


[Site "https://www.chess.com"]